 Dungeon Crawl Stone Soup version 0.22-a0-558-gc224181 (webtiles) character file.

144 inc the Charmwright (level 5, 0/43 HPs)
             Began as a Gnoll Skald on June 27, 2018.
             Killed by divine providence
             ... invoked by an orc priest
              (12 damage)
             ... on level 3 of the Dungeon.
             The game lasted 00:02:41 (2033 turns).

inc the Charmwright (Gnoll Skald)                   Turns: 2033, Time: 00:02:42

Health: 0/43       AC:  3    Str: 14    XL:     5   Next: 27%
Magic:  12/12      EV: 13    Int: 16    God:
Gold:   109        SH:  6    Dex: 14    Spells: 13/14 levels left

rFire    . . .     SeeInvis .   n - +0 flail
rCold    . . .     Gourm    .   c - +2 buckler
rNeg     . . .     Faith    .   b - +0 leather armour
rPois    .         Spirit   .   (no helmet)
rElec    .         Reflect  .   (no cloak)
rCorr    .         Harm     .   (no gloves)
MR       .....                  (no boots)
Stlth    ++........             (no amulet)
HPRegen  0.14/turn              (no ring)
MPRegen  0.13/turn              (no ring)

@: no status effects
A: distributed training, fangs 1, strong nose
a: no special abilities


You were on level 3 of the Dungeon.
You were hungry.

You visited 1 branch of the dungeon, and saw 3 of its levels.

You collected 109 gold pieces.

Inventory:

Hand Weapons
 a - a +0 mace
 n - a +0 flail (weapon)
Armour
 b - a +0 leather armour (worn)
 c - a +2 buckler (worn)
 e - a +0 ring mail
Jewellery
 g - a cursed -2 ring of intelligence {unknown}
Scrolls
 f - a scroll of enchant armour {unknown}
 k - a scroll of identify {unknown}
 l - a scroll of teleportation {unknown}
 m - a scroll of blinking {unknown}
 r - a scroll of remove curse {unknown}
Potions
 h - a potion of agility
 i - a potion of brilliance {unknown}
 j - a potion of flight {unknown}
 o - a potion of experience {unknown}
 p - a potion of mutation {unknown}
 s - 2 potions of might {unknown}
 t - a potion of curing {unknown}
Comestibles
 d - 4 rations


   Skills:
 + Level 4.7 Fighting
 + Level 1.4 Short Blades
 + Level 1.4 Long Blades
 + Level 1.4 Axes
 + Level 4.7 Maces & Flails
 + Level 1.4 Polearms
 + Level 1.4 Staves
 + Level 1.4 Slings
 + Level 1.4 Bows
 + Level 1.4 Crossbows
 + Level 1.4 Throwing
 + Level 2.9 Armour
 + Level 4.7 Dodging
 + Level 1.4 Stealth
 + Level 1.4 Shields
 + Level 1.4 Unarmed Combat
 + Level 5.1 Spellcasting
 + Level 1.1 Conjurations
 + Level 1.1 Hexes
 + Level 5.5 Charms
 + Level 1.1 Summonings
 + Level 1.1 Necromancy
 + Level 1.1 Translocations
 + Level 1.1 Transmutations
 + Level 1.1 Fire Magic
 + Level 1.1 Ice Magic
 + Level 1.1 Air Magic
 + Level 1.1 Earth Magic
 + Level 1.1 Poison Magic
 + Level 1.5 Invocations
 + Level 1.4 Evocations


You had 13 spell levels left.
You knew the following spells:

 Your Spells              Type           Power        Failure   Level  Hunger
a - Infusion              Chrm           ###.         2%          1    None

Your spell library contained the following spells:

 Spells                   Type           Power        Failure   Level  Hunger
 Regeneration             Chrm/Necr      ##........   21%         3    ###....
 Shroud of Golubria       Chrm/Tloc      ##........   10%         2    #......
 Song of Slaying          Chrm           ###.....     4%          2    #......
 Spectral Weapon          Hex/Chrm       ##......     21%         3    ###....


Dungeon Overview and Level Annotations

Branches:
Dungeon (3/15)

Altars:
Okawaru


Innate Abilities, Weirdness & Mutations

Your experience applies equally to all skills.
You have very sharp teeth.
Your uncanny sense of smell can sniff out nearby items.


Message History

You are too injured to fight recklessly!
Unknown command.
You barely miss the orc priest.
The orc priest is moderately wounded.
The orc priest closely misses you.
You hit the orc priest but do no damage.
The orc priest is moderately wounded.
The orc priest closely misses you.
You sock the orc priest!
You bite the orc priest, but do no damage.
The orc priest is almost dead.
The orc priest invokes the aid of Beogh against you.
Pain shoots through your body!
* * * LOW HITPOINT WARNING * * *
You hit the orc priest but do no damage.
Your bite misses the orc priest.
The orc priest is almost dead.
The orc priest invokes the aid of Beogh against you.
Beogh smites you!
You die...

.# #.# .# #.# .#
#.# #.#
##############.#
#..............#
#.##############
#.# ##@####
#)o...# #)....#
∆ #.....#
#.....# #.....#
#.....' #.....#.
#.....#..


You could see an orc priest.

Vanquished Creatures
  An orc priest (D:3)
  Natasha (D:3)
  An ooze (D:2)
  5 dart slugs
  A leopard gecko (D:1)
  5 orcs
  A giant cockroach (D:1)
  7 hobgoblins
  10 jackals
  11 kobolds
  11 bats
  5 frilled lizards
  4 goblins
  12 rats
75 creatures vanquished.

Notes
Turn   | Place    | Note
-------+----------+-------------------------------------------
     0 | D:1      | inc the Gnoll Skald began the quest for the Orb.
     0 | D:1      | Reached XP level 1. HP: 20/20 MP: 6/6
    41 | D:1      | Reached XP level 2. HP: 16/26 MP: 7/7
   535 | D:1      | Reached XP level 3. HP: 30/31 MP: 9/9
   581 | D:1      | Reached skill level 5 in Spellcasting
   900 | D:2      | Reached skill level 1 in Invocations
  1028 | D:2      | Reached skill level 1 in Short Blades
  1028 | D:2      | Reached skill level 1 in Long Blades
  1028 | D:2      | Reached skill level 1 in Axes
  1028 | D:2      | Reached skill level 1 in Polearms
  1028 | D:2      | Reached skill level 1 in Staves
  1028 | D:2      | Reached skill level 1 in Slings
  1028 | D:2      | Reached skill level 1 in Bows
  1028 | D:2      | Reached skill level 1 in Crossbows
  1028 | D:2      | Reached skill level 1 in Throwing
  1028 | D:2      | Reached skill level 1 in Stealth
  1028 | D:2      | Reached skill level 1 in Shields
  1028 | D:2      | Reached skill level 1 in Unarmed Combat
  1028 | D:2      | Reached skill level 1 in Evocations
  1039 | D:2      | Found an iron altar of Okawaru.
  1120 | D:2      | Reached XP level 4. HP: 37/38 MP: 11/11
  1798 | D:3      | Noticed Natasha
  1809 | D:3      | Killed Natasha
  1809 | D:3      | Reached skill level 1 in Conjurations
  1809 | D:3      | Reached skill level 1 in Hexes
  1809 | D:3      | Reached skill level 1 in Summonings
  1809 | D:3      | Reached skill level 1 in Necromancy
  1809 | D:3      | Reached skill level 1 in Translocations
  1809 | D:3      | Reached skill level 1 in Transmutations
  1809 | D:3      | Reached skill level 1 in Fire Magic
  1809 | D:3      | Reached skill level 1 in Ice Magic
  1809 | D:3      | Reached skill level 1 in Air Magic
  1809 | D:3      | Reached skill level 1 in Earth Magic
  1809 | D:3      | Reached skill level 1 in Poison Magic
  1813 | D:3      | Reached XP level 5. HP: 14/43 MP: 12/12
  2033 | D:3      | Killed from afar by an orc priest

Vault maps used:
D:1:      nzn_arrival_water_spiral
D:2:      minmay_door_path, first_ration, okawaru_trees_2
D:3:      nicolae_overflow_crystal_walls, lemuel_doored_altar, uniq_jessica,
          uniq_natasha, uniq_robin, uniq_ijyb

Skill      XL: |  1  2  3  4 |
---------------+-------------+-----
Spellcasting   | 5 |  5.1
Invocations    | 1 |  1.5
Short Blades   | 1 |  1.4
Long Blades    | 1 |  1.4
Axes           | 1 |  1.4
Polearms       | 1 |  1.4
Staves         | 1 |  1.4
Slings         | 1 |  1.4
Bows           | 1 |  1.4
Crossbows      | 1 |  1.4
Throwing       | 1 |  1.4
Stealth        | 1 |  1.4
Shields        | 1 |  1.4
Unarmed Combat | 1 |  1.4
Evocations     | 1 |  1.4
Conjurations   | 1 |  1.1
Hexes          | 1 |  1.1
Summonings     | 1 |  1.1
Necromancy     | 1 |  1.1
Translocations | 1 |  1.1
Transmutations | 1 |  1.1
Fire Magic     | 1 |  1.1
Ice Magic      | 1 |  1.1
Air Magic      | 1 |  1.1
Earth Magic    | 1 |  1.1
Poison Magic   | 1 |  1.1
Fighting       | |  4.7
Maces & Flails | |  4.7
Armour         | |  2.9
Dodging        | |  4.7
Charms         | |  5.5

Action                   |  1- 3 |  4- 6 || total
-------------------------+-------+-------++-------
Melee: Mace              |   125 |       ||   125
       Bite              |     8 |     7 ||    15
       Flail             |     8 |    73 ||    81
 Cast: Infusion          |     1 |       ||     1
  Use: Potion            |       |     1 ||     1
 Stab: Sleeping          |     3 |     1 ||     4
  Eat: Chunk             |       |     3 ||     3
Armor: Leather armour    |    38 |    13 ||    51
Dodge: Dodged            |   143 |    58 ||   201
Block: Buckler           |    33 |    24 ||    57

Table legend:
 A = Spawn XP
 B = Non-spawn XP
 C = Spawn XP percentage of total XP
 D = Spawn monster count
 E = Non-spawn monster count
 F = Spawn count percentage of total count
 G = Total turns spent on level
                    A         B        C        D         E        F      G
               +---------+---------+-------+---------+---------+-------+---------
         Total |       0 |     207 |   0.0 |       0 |      75 |   0.0 |  2033
               +---------+---------+-------+---------+---------+-------+---------
           D:1 |       0 |      53 |   0.0 |       0 |      33 |   0.0 |   876
           D:2 |       0 |      55 |   0.0 |       0 |      28 |   0.0 |   782
           D:3 |       0 |      99 |   0.0 |       0 |      14 |   0.0 |   375
               +---------+---------+-------+---------+---------+-------+---------
